 Dungeon Crawl Stone Soup version 0.19-a0-1007-g133f65f (webtiles) character file.

41 mistymad the Skirmisher (level 3, 0/30 HPs)
             Began as a Formicid Abyssal Knight on July 19, 2016.
             Was a Follower of Lugonu.
             Succumbed to an adder's poison
             ... on level 2 of the Dungeon.
             The game lasted 00:01:34 (1064 turns).

mistymad the Skirmisher (Formicid Abyssal Knight)   Turns: 1064, Time: 00:01:35

Health: 0/30       AC:  3    Str: 17    XL:     3   Next: 75%
Magic:  4/4        EV: 16    Int: 17    God:    Lugonu [*.....]
Gold:   61         SH:  0    Dex: 15    Spells: 0 memorised, 2 levels left

rFire  . . .     SeeInvis +     a - +1 hand axe
rCold  . . .     Gourm    .     b - +0 leather armour
rNeg   . . .     Faith    .     (no shield)
rPois  .         Spirit   .     (helmet unavailable)
rElec  .         Dismiss  .     (no cloak)
rCorr  .         Reflect  .     (no gloves)
SustAt .         Harm     .     (no boots)
MR     .....                    (no amulet)
Stlth  ++........               (no ring)
                                d - +6 ring of intelligence

@: agile, lethally poisoned (0 -> -9), not resistant to hostile enchantments,
unstealthy
A: permanent stasis, dig shafts and tunnels, four strong arms, antennae 3
a: Dig, Shaft Self, Depart the Abyss, Renounce Religion


You were on level 2 of the Dungeon.
You worshipped Lugonu.
Lugonu was aware of your devotion.
You were not hungry.

You visited 1 branch of the dungeon, and saw 2 of its levels.
You visited the Abyss 1 time.

You collected 61 gold pieces.

Inventory:

Hand Weapons
 a - a +1 hand axe (weapon)
Armour
 b - a +0 leather armour (worn)
Jewellery
 d - a +6 ring of intelligence (left hand)
 e - an uncursed ring of stealth {unknown}
Scrolls
 f - a scroll of amnesia {unknown}
 j - a scroll of immolation {unknown}
Potions
 i - a potion of curing {unknown}
Comestibles
 c - 3 bread rations
 h - 2 beef jerkies
 k - 2 chunks of flesh
 l - a meat ration


   Skills:
 + Level 3.7 Fighting
 + Level 2.6 Axes
 + Level 3.2 Armour
 - Level 0.8 Dodging
 - Level 2.1 Invocations


You had 2 spell levels left.
You didn't know any spells.

Dungeon Overview and Level Annotations

Branches:
Dungeon (2/15)

Altars:


Innate Abilities, Weirdness & Mutations

You are under a permanent stasis effect.
You can dig through walls and to a lower floor.
Your four strong arms can wield two-handed weapons with a shield.
You have a pair of large antennae on your head. (SInv)


Message History

The adder is heavily wounded.
* * * LOW HITPOINT WARNING * * *
You feel sick. The adder closely misses you. The adder misses you.
You take 2 damage, and have 9/30 hp.
You hit the adder.
The adder is almost dead.
* * * LOW HITPOINT WARNING * * *
You feel sick. The adder bites you.
* * * LOW HITPOINT WARNING * * *
You take 5 damage, and have 4/30 hp.
You barely miss the adder.
The adder is almost dead.
* * * LOW HITPOINT WARNING * * *
You feel sick. The adder bites you.
* * * LOW HITPOINT WARNING * * *
The adder misses you.
You take 3 damage, and have 1/30 hp.
It was a potion of agility.
You feel agile all of a sudden.
You die...

#.........#
#.).......#
#.........#
#.........#.#
####'##'###.#
#########.##..##.#
#.........###.##.#####
#.######### #.##.##...
#.#..@S.# #.##.##...
#.#.###.# #..#.##...
#.#.# # ##.#.##...
#.#.# #........ #.[.#
##....... #####
#....... #.>.....
#....... ##.##...


You could see an adder.

Vanquished Creatures
  2 adders (D:2)
  A giant cockroach (D:1)
  A goblin (D:1)
  4 hobgoblins (D:1)
  A quokka (D:2)
  5 bats
  13 rats (D:1)
27 creatures vanquished.

Notes
Turn   | Place    | Note
-------+----------+-------------------------------------------
     0 | Abyss:1  | mistymad the Formicid Abyssal Knight began the quest for the Orb.
     0 | Abyss:1  | Reached XP level 1. HP: 18/18 MP: 2/2
     8 | D:1      | Escaped the Abyss
   132 | D:1      | Reached * piety under Lugonu
   132 | D:1      | Reached XP level 2. HP: 16/24 MP: 3/3
   824 | D:1      | Reached XP level 3. HP: 29/29 MP: 4/4
  1063 | D:2      | HP: 1/30 [adder (2)]
  1064 | D:2      | Succumbed to an adder's poison

Vault maps used:
D:1:      ncdulo_smallfort, minmay_rat_gold_closets
D:2:      first_bread, hex_tiny

Skill      XL: |  1  2  3 |
---------------+----------+-----
Armour         | 3 |  3.2
Fighting       | |  3.7
Axes           | |  2.6
Dodging        | |  0.8
Invocations    | |  2.1

Action                   || total
-------------------------++-------
Melee: Hand axe          ||    87
Invok: Depart the Abyss  ||     1
  Use: Potion            ||     1
 Stab: Sleeping          ||     2
  Eat: Chunk             ||     1
Armor: Leather armour    ||    30
Dodge: Dodged            ||    65
